 Dungeon Crawl Stone Soup version 0.21.0-30-g47ce8e4 (webtiles) character file.

28246 logikai the Bludgeoner (level 13, -10/140 HPs)
             Began as a Troll Berserker on Jan 28, 2018.
             Was the Champion of Trog.
             Mangled by an orc warrior
             ... wielding a +0 hand axe
              (13 damage)
             ... while paralysed by an orc sorcerer
             ... on level 2 of the Orcish Mines.
             The game lasted 01:33:33 (13468 turns).

logikai the Bludgeoner (Troll Berserker)           Turns: 13468, Time: 01:33:35

Health: -10/140    AC: 10    Str: 28    XL:     13   Next: 8%
Magic:  12/12      EV:  1    Int:  3    God:    Trog [******]
Gold:   1592       SH:  0    Dex: 13    Spells: 12/12 levels left

rFire    . . .     SeeInvis +   I - +5 dire flail (protect)
rCold    . . .     Gourm    +   (shield currently unavailable)
rNeg     . . .     Faith    .   V - +0 troll leather armour
rPois    .         Spirit   .   (helmet restricted)
rElec    .         Reflect  .   u - +2 cloak {MR+}
rCorr    .         Harm     .   (gloves unavailable)
MR       +....     Rnd*Rage +   (boots unavailable)
Stlth    +.........             (no amulet)
HPRegen  1.13/turn              f - ring of see invisible
MPRegen  0.13/turn              A - +5 ring of evasion

@: paralysed, lethally poisoned (-10 -> -10)
A: large, unfitting armour, claws 3, berserk 2, fast metabolism 3, gourmand,
regeneration 1, shaggy fur 1, tough skin 2, wild magic 1
a: Berserk, Trog's Hand, Brothers in Arms, Burn Spellbooks, Renounce Religion


You were on level 2 of the Orcish Mines.
You worshipped Trog.
Trog was exalted by your worship.
You were very full.

You visited 4 branches of the dungeon, and saw 18 of its levels.
You also visited: Sewer.

You collected 1592 gold pieces.

Inventory:

Hand Weapons
 q - a +3 antimagic great mace
 I - a +5 dire flail of protection (weapon)
 M - a +0 giant spiked club
 N - a +1 giant club
 P - the +1 battleaxe "Poeliasch" {protect, rF+++ Dex+5 Stlth-}
   (Trog gifted it to you on level 8 of the Dungeon)

   It protects the one who uses it against injury (+AC on strike).
   It affects your dexterity (+5).
   It renders you almost immune to fire.
   It makes you less stealthy.
 S - a +2 whip of venom
 W - a +1 flail of holy wrath
 Z - a cursed +0 giant spiked club
Missiles
 e - 361 stones
 F - 8 javelins of penetration (quivered)
 Q - 4 silver tomahawks
Armour
 u - a +2 cloak of magic resistance (worn)
 v - a +0 buckler
 U - a scarf of resistance
 V - a +0 troll leather armour (worn)
Jewellery
 f - a ring of see invisible (left claw)
 s - an uncursed ring of resist corrosion
 A - a +5 ring of evasion (right claw)
 K - an uncursed ring of ice
Wands
 a - a wand of polymorph (29)
 d - a wand of disintegration (20)
 j - a wand of enslavement (14)
 y - a wand of iceblast (21)
 H - a wand of flame (19)
 O - a wand of paralysis (21)
 R - a wand of random effects (26)
Scrolls
 b - 11 scrolls of remove curse
 g - 4 scrolls of enchant armour
 h - 14 scrolls of identify
 i - a scroll of enchant weapon
 l - 2 scrolls of blinking
 o - 10 scrolls of teleportation
 p - a scroll of brand weapon {unknown}
 r - a scroll of magic mapping {unknown}
 C - 4 scrolls of immolation
 J - a scroll of amnesia {unknown}
Potions
 k - 5 potions of flight
 m - a potion of magic
 n - 12 potions of curing
 w - 3 potions of invisibility
 x - 2 potions of haste
 z - 2 potions of might
 B - 4 potions of brilliance
 D - 2 potions of resistance
 E - a potion of cancellation
 G - a potion of agility
 T - 2 potions of lignification
Comestibles
 c - 37 rations
 L - 5 chunks of flesh


   Skills:
 + Level 12.1 Fighting
 * Level 15.3 Maces & Flails
 - Level 2.4 Dodging


You had 12 spell levels left.
You didn't know any spells.

Dungeon Overview and Level Annotations

Branches:
Dungeon (10/15)            Temple (1/1) D:5            Lair (5/6) D:10
  Swamp (0/4) Lair:4        Snake (0/4) Lair:3        Slime (0/5) Lair:5
    Orc (2/2) D:9
    Elf: Orc:2

Altars:
Ashenzari
Cheibriados
Dithmenos
Elyvilon
Fedhas
Gozag
Hepliaklqana
Kikubaaqudgha
Makhleb
Nemelex Xobeh
Okawaru
Qazlal
Ru
Sif Muna
Trog
Uskayaw
Vehumet
Wu Jian
Xom
Yredelemnul
Zin
The Shining One

Shops:
D:5 [   D:9 [   Orc:1 }


Innate Abilities, Weirdness & Mutations

You are too large for most types of armour.
You have claws for hands.
Your metabolism is lightning-fast.
You like to eat raw meat.
Your natural rate of healing is unusually fast.
You are covered in fur. (AC +1)
You have very tough skin. (AC +2)
You often lose your temper in combat.
Your spells are a little harder to cast, but a little more powerful.


Message History

The chaos spawn freezes you!
* * * LOW HITPOINT WARNING * * *
You feel sick.
The orc sorcerer hits you but does no damage.
The orc warrior hits you but does no damage.
The orc priest mumbles some strange prayers to Beogh against you.
Beogh smites you!
* * * LOW HITPOINT WARNING * * *
The chaos spawn gores you.
* * * LOW HITPOINT WARNING * * *
The chaos spawn draws strength from your injuries!
The orc warrior hits you from afar with a trident!!
* * * LOW HITPOINT WARNING * * *
You feel sick. The orc hits you but does no damage.
The orc wizard mumbles some strange words.
The orc wizard flickers and vanishes for a moment.
The orc sorcerer gestures at you while chanting.
You resist with almost no effort.
The orc warrior hits you with a hand axe!
You die...

..#.............)...#####
..................### #
.................##
.........[.......# 8...8
........).......## ##oo.#
........[.....^.# o#..o#
........[.#...#.# 'o.o+
.......4oo...#..# #.o.#
........@o......# #.8.#
........oooo....# #o)o#
.........oo.....# +...+
.........o.o....#


#oho# ...........oo...# ##.).# ......#........## #8o(.8 ......#.........###..)..
.................o##'''# ...............(..)) You could see a chaos spawn, an
orc sorcerer, 3 orc warriors, 2 orc priests, 2 orc wizards and 5 orcs.

Vanquished Creatures
  2 hydras
  A two-headed ogre (D:10)
  The ghost of komo4ek the Carver, a journeyman DsGl of Uskayaw (D:9)
  A swamp dragon (Lair:4)
  An orc sorcerer (Orc:2)
  Maurice (D:8)
  A black mamba (Lair:2)
  3 gargoyles
  6 spiny frogs
  2 komodo dragons
  2 trolls
  A polar bear (Lair:5)
  22 blink frogs
  7 hippogriffs
  Sigmund (D:6)
  A spriggan (Lair:5)
  18 yaks
  A vampire (D:10)
  A basilisk (Lair:3)
  A wyvern (Lair:5)
  Menkaure (D:6)
  A hungry ghost (D:8)
  2 vampire mosquitoes
  4 wargs
  2 insubstantial wisps
  10 water moccasins
  4 nagas
  6 porcupines
  Duvessa (D:4)
  12 orc warriors
  An eye of draining (D:10)
  A black bear (Lair:5)
  3 sky beasts
  2 phantoms
  2 ice beasts
  8 ogres
  3 centaurs
  6 wolves
  15 crocodiles
  4 big kobolds
  Blork the orc (D:6)
  A gnoll sergeant (D:7)
  7 bullfrogs
  A wyvern zombie (D:8)
  Dowan (D:4)
  2 scorpions
  8 killer bees (D:10)
  An electric eel (Lair:2)
  3 howler monkeys
  2 crimson imps
  A bullfrog zombie (D:6)
  A quasit (D:9)
  11 orc priests
  A centaur skeleton (D:7)
  5 jellies
  10 orc wizards
  Crazy Yiuf (D:2)
  2 hounds (D:7)
  5 iguanas
  6 worker ants
  A hound skeleton (D:6)
  Robin (D:2)
  A howler monkey skeleton (D:7)
  14 adders
  11 gnolls
  4 shadow imps
  8 oozes
  An adder skeleton (D:6)
  4 worms
  3 dart slugs
  5 leopard geckos
  55 orcs
  9 bats
  11 giant cockroaches
  15 goblins
  8 hobgoblins
  8 jackals
  29 kobolds
  3 quokkas
  5 ball pythons
  7 frilled lizards
  A leopard gecko zombie (D:8)
  7 rats
  A butterfly (Lair:4)
  3 plants (Lair:2)
447 creatures vanquished.

Vanquished Creatures (collateral kills)
  A hydra (Lair:3)
  An orc warrior (Orc:2)
  An orc wizard (Orc:2)
  5 orcs (Orc:2)
8 creatures vanquished.

Vanquished Creatures (others)
  2 fungi
  34 plants
36 creatures vanquished.

Grand Total: 491 creatures vanquished

Notes
Turn   | Place    | Note
-------+----------+-------------------------------------------
     0 | D:1      | logikai the Troll Berserker began the quest for the Orb.
     0 | D:1      | Reached XP level 1. HP: 22/22 MP: 0/0
    93 | D:1      | Reached skill level 3 in Maces & Flails
    97 | D:1      | Reached XP level 2. HP: 29/29 MP: 1/1
   601 | D:2      | Reached XP level 3. HP: 35/37 MP: 2/2
   661 | D:2      | Found a runed door.
   690 | D:2      | Reached XP level 4. HP: 39/45 MP: 3/3
   786 | D:2      | Reached ** piety under Trog
   800 | D:2      | Reached skill level 4 in Maces & Flails
   842 | D:2      | Noticed Robin
   853 | D:2      | Killed Robin
   884 | D:2      | Reached XP level 5. HP: 44/54 MP: 4/4
  1244 | D:2      | Noticed Crazy Yiuf
  1252 | D:2      | Killed Crazy Yiuf
  2075 | D:3      | Reached XP level 6. HP: 59/62 MP: 5/5
  2097 | D:3      | Reached *** piety under Trog
  2341 | D:4      | Reached skill level 5 in Maces & Flails
  2398 | D:4      | Noticed Duvessa
  2398 | D:4      | Noticed Dowan
  2419 | D:4      | Killed Duvessa
  2424 | D:4      | Killed Dowan
  2424 | D:4      | Reached skill level 5 in Fighting
  2424 | D:4      | Reached XP level 7. HP: 72/72 MP: 6/6
  3057 | D:5      | Entered Level 5 of the Dungeon
  3080 | D:5      | Found a deep blue altar of Sif Muna.
  3102 | D:5      | Found a staircase to the Ecumenical Temple.
  3129 | Temple   | Entered the Ecumenical Temple
  3594 | D:5      | Found Yhiov's Armour Emporium.
  3920 | D:6      | Reached skill level 6 in Maces & Flails
  3970 | D:6      | Noticed Blork the orc
  3972 | D:6      | Noticed Sigmund
  3982 | D:6      | Killed Blork the orc
  3996 | D:6      | Killed Sigmund
  3996 | D:6      | Reached XP level 8. HP: 78/83 MP: 7/7
  3997 | D:6      | Reached **** piety under Trog
  4120 | D:6      | Reached skill level 7 in Maces & Flails
  4124 | D:6      | Noticed Menkaure
  4130 | D:6      | Killed Menkaure
  4230 | D:6      | Found a glowing drain.
  4251 | D:6      | Noticed a hippogriff
  4263 | D:6      | Killed a hippogriff
  4292 | Sewer    | Entered a sewer
  4885 | D:6      | Reached skill level 8 in Maces & Flails
  4974 | D:6      | Reached ***** piety under Trog
  4974 | D:6      | Reached XP level 9. HP: 93/93 MP: 8/8
  5906 | D:7      | Noticed a gargoyle
  5912 | D:7      | Killed a gargoyle
  5912 | D:7      | Reached skill level 9 in Maces & Flails
  6195 | D:8      | Received a gift from Trog
  6198 | D:8      | Noticed Maurice
  6241 | D:8      | Killed Maurice
  6252 | D:8      | Got a smoking battleaxe {god gift}
  6253 | D:8      | Identified the +1 battleaxe "Poeliasch" {protect, rF+++ Dex+5 Stlth-} (Trog gifted it to you on level 8 of the Dungeon)
  6408 | D:8      | Reached XP level 10. HP: 78/107 MP: 9/9
  6600 | D:8      | Reached skill level 10 in Maces & Flails
  6801 | D:9      | Noticed a gargoyle
  6811 | D:9      | Killed a gargoyle
  7111 | D:9      | Found a staircase to the Orcish Mines.
  7113 | D:9      | Found Eskudaabi's Armour Emporium.
  7170 | D:9      | Noticed komo4ek's ghost (journeyman DsGl)
  7288 | D:9      | Reached skill level 11 in Maces & Flails
  7319 | D:10     | Entered Level 10 of the Dungeon
  7412 | D:10     | Noticed a gargoyle
  7419 | D:10     | Killed a gargoyle
  7453 | D:10     | Reached skill level 10 in Fighting
  7499 | D:10     | Reached XP level 11. HP: 95/117 MP: 10/10
  7560 | D:10     | Noticed a two-headed ogre
  7567 | D:10     | Killed a two-headed ogre
  7619 | D:10     | Received a gift from Trog
  7619 | D:10     | Reached skill level 12 in Maces & Flails
  7655 | D:10     | Found a staircase to the Lair.
  7727 | Lair:1   | Entered Level 1 of the Lair of Beasts
  8265 | Lair:1   | Reached skill level 13 in Maces & Flails
  8683 | Lair:2   | Noticed a five-headed hydra
  8711 | Lair:2   | Killed a five-headed hydra
  9124 | Lair:2   | Reached XP level 12. HP: 123/130 MP: 11/11
  9614 | Lair:2   | Gained mutation: You tend to lose your temper in combat. [potion of mutation]
  9614 | Lair:2   | Gained mutation: You often lose your temper in combat. [potion of mutation]
  9614 | Lair:2   | Gained mutation: Your spells are a little harder to cast, but a little more powerful. [potion of mutation]
  9977 | Lair:3   | Found a staircase to the Snake Pit.
 10418 | Lair:4   | Noticed a seven-headed hydra
 10428 | Lair:3   | Reached skill level 14 in Maces & Flails
 10478 | Lair:4   | Received a gift from Trog
 10734 | Lair:4   | Found a staircase to the Swamp.
 10758 | Lair:4   | Reached ****** piety under Trog
 10796 | Lair:4   | Noticed a seven-headed hydra
 10808 | Lair:3   | Killed a seven-headed hydra
 10857 | Lair:4   | Killed a seven-headed hydra
 11372 | Lair:5   | Reached skill level 15 in Maces & Flails
 11678 | Lair:5   | Found a staircase to the Slime Pits.
 12642 | D:9      | Killed komo4ek's ghost
 12764 | Orc:1    | Entered Level 1 of the Orcish Mines
 12803 | Orc:1    | Found Zynischups's Gadget Shoppe.
 12878 | Orc:1    | Reached XP level 13. HP: 140/140 MP: 12/12
 13191 | Orc:2    | Entered Level 2 of the Orcish Mines
 13461 | Orc:2    | Paralysed by an orc sorcerer for 7 turns
 13467 | Orc:2    | HP: 3/140 [orc warrior/trident (20)]
 13468 | Orc:2    | Mangled by an orc warrior

Skill      XL: |  1  2  3  4  5  6  7  8  9 10 11 12 |
---------------+-------------------------------------+-----
Maces & Flails | 3 4 5 6 8 9 11 13 15 | 15.3
Fighting       | 3 4 5 6 7 9 10 11 12 | 12.1
Dodging        | |  2.4

Action                   |  1- 3 |  4- 6 |  7- 9 | 10-12 | 13-15 || total
-------------------------+-------+-------+-------+-------+-------++-------
Melee: Unarmed           |    72 |    76 |       |       |       ||   148
       Quarterstaff      |       |   123 |   262 |       |       ||   385
       Giant club        |       |       |    50 |   238 |       ||   288
       Battleaxe         |       |       |    15 |    13 |       ||    28
       Dire flail        |       |       |       |   454 |    91 ||   545
Invok: Berserk           |     1 |     4 |     7 |    15 |       ||    27
       Trog's Hand       |       |     1 |     1 |     2 |       ||     4
       Burn Spellbooks   |       |       |     2 |     1 |       ||     3
       Brothers in Arms  |       |       |       |     1 |       ||     1
  Use: Scroll            |       |       |     4 |    10 |     1 ||    15
       Potion            |       |       |     3 |     6 |       ||     9
 Stab: Sleeping          |       |     1 |     1 |     2 |       ||     4
       Petrified         |       |     2 |       |       |       ||     2
       Invisible         |       |       |       |     1 |       ||     1
  Eat: Chunk             |    11 |    21 |    50 |    76 |     4 ||   162
       Ration            |       |       |     1 |       |       ||     1
Armor: Animal skin       |    30 |    81 |   119 |    32 |       ||   262
       Troll leather arm |       |       |       |   174 |    31 ||   205
Dodge: Dodged            |    53 |   109 |   323 |   604 |    68 ||  1157
